AoeStats
← Lord Laggington

Arabia

515246511Analyzed
2v2 RM · 16d ago on Oct 21, 2026· 48m 28s· 4 players
Game mode
Random Map
Map size
Medium (4 player)
Population
200
Speed
Normal
Resources
Standard
Victory
Conquest
Starting age
Dark Age
Ending age
Imperial Age
RankedLock teamsTeams togetherTeam positionsShared explorationLock speedFull tech treeHidden civsTurbo modeCheats
Victory
Defeat
🇩🇪 Franks · Germany
983
+17
🇳🇴 Portuguese · Norway
979
+16
vs
🇩🇪 Armenians · Germany
999
-17
🇩🇪 Khmer · Germany
990
-16
Joakim
6:33 Loom
8:49 Feudal Age
9:51 Double-Bit Axe
19:53 Town Watch
21:49 Fletching
22:00 Padded Archer Armor
27:36 Castle Age
27:40 Crossbowman
28:18 Bodkin Arrow
29:22 Leather Archer Armor
31:01 Thumb Ring
34:14 Wheelbarrow
35:29 Wheelbarrow
39:01 Double-Bit Axe
39:09 Gold Mining
39:51 Hand Cart
MrNoname
7:20 Loom
10:11 Feudal Age
11:02 Double-Bit Axe
19:11 Scale Barding Armor
19:12 Gold Mining
22:49 Castle Age
24:49 Bow Saw
26:21 Chain Barding Armor
27:06 Husbandry
42:08 Wheelbarrow
47:27 Imperial Age
47:34 Cavalier
48:55 Plate Barding Armor
novusb4
8:36 Feudal Age
11:03 Bloodlines
15:48 Loom
18:13 Gold Mining
20:44 Castle Age
18:57 Double-Bit Axe
23:47 Wheelbarrow
25:28 Husbandry
25:52 Bow Saw
27:30 Scale Barding Armor
30:01 Horse Collar
46:20 Scale Mail Armor
Lord Laggington
6:02 Loom
10:53 Feudal Age
11:23 Double-Bit Axe
11:52 Man-at-Arms
12:31 Horse Collar
13:38 Long Swordsman
26:11 Castle Age
24:53 Stone Mining
27:22 Bow Saw
28:51 Wheelbarrow
28:03 Town Watch
31:07 Town Patrol
31:24 Hand Cart
31:10 Town Patrol
31:50 Fletching
32:01 Padded Archer Armor
32:03 Scale Mail Armor
32:07 Heavy Plow
32:06 Elite Skirmisher
35:02 Bodkin Arrow
38:15 Gold Mining
40:01 Leather Archer Armor
41:39 Two-Handed Swordsman
42:21 Squires
42:35 Forging
46:02 Pikeman
Connection lost

Rejoining the realm…

Still unreachable

The connection could not be restored.

Session expired

The server has moved on; the page needs a fresh start.